 Dungeon Crawl Stone Soup version 0.26.0-57-g60708a5e39 (webtiles) character file.

Game seed: 2075851476133407777

284 PentaManta the Insei (level 6, -3/47 HPs)
             Began as a Draconian Transmuter on Feb 1, 2021.
             Slain by Crazy Yiuf
             ... wielding a +3 quarterstaff of chaos
              (8 damage)
             ... on level 2 of the Dungeon.
             The game lasted 00:04:48 (2683 turns).

PentaManta the Insei (Draconian Transmuter)         Turns: 2683, Time: 00:04:49

Health: -3/47      AC:  6    Str: 12    XL:     6   Next: 7%
Magic:  18/18      EV: 13    Int: 14    God:
Gold:   154        SH:  0    Dex: 13    Spells: 3/9 levels left

rFire    . . .     SeeInvis .     - Unarmed
rCold    . . .     Faith    .   (no shield)
rNeg     . . .     Spirit   .   (armour unavailable)
rPois    .         Reflect  .   (helmet currently unavailable)
rElec    .         Harm     .   (no cloak)
rCorr    .         Rampage  .   (no gloves)
Will     .....                  (boots currently unavailable)
Stlth    +.........             (no amulet)
HPRegen  0.15/turn              g - ring of magical power
MPRegen  0.16/turn              (no ring)

@: lethally poisoned (-3 -> -7), appendages, hasted, very quick
A: unfitting armour, horns 2, talons 2, cold-blooded, AC +6
a: End Transformation


You were on level 2 of the Dungeon.
You had grown temporary horns.
You had grown temporary talons.
You visited 1 branch of the dungeon, and saw 2 of its levels.

You collected 154 gold pieces.

Inventory:

Hand Weapons
 f - a +3 dagger
Missiles
 b - 11 poisoned darts
Jewellery
 g - a ring of magical power (left hand)
 i - an uncursed ring of protection from cold {unknown}
 j - a cursed amulet of inaccuracy {unknown}
Scrolls
 a - 2 scrolls of enchant weapon {unknown}
 c - 3 scrolls of teleportation {unknown}
 h - a scroll of magic mapping {unknown}
 k - 2 scrolls of random uselessness {unknown}
 n - a scroll of remove curse {unknown}
 o - a scroll of identify {unknown}
 q - a scroll of amnesia {unknown}
Potions
 d - a potion of brilliance {unknown}
 e - a potion of flight {unknown}
 l - a potion of invisibility {unknown}
 m - a potion of curing {unknown}
 p - a potion of mutation {unknown}


   Skills:
 - Level 1.1 Fighting
 + Level 3.2 Dodging
 + Level 4.7 Unarmed Combat
 - Level 2.0 Spellcasting
 * Level 4.2 Transmutations


You had 3 spell levels left.
You knew the following spells:

 Your Spells              Type           Power        Failure   Level
a - Beastly Appendage     Tmut           26%          4%          1
b - Wereblood             Tmut           13%          6%          2
c - Spider Form           Tmut/Pois      3%           30%         3

Your spell library contained the following spells:

 Spells                   Type           Power        Failure   Level
 Ice Form                 Ice/Tmut       7%           69%         4
 Blade Hands              Tmut           6%           75%         5


Dungeon Overview and Level Annotations

Branches:
Dungeon (2/15)

Altars:

Annotations:
D:2 Crazy Yiuf


Innate Abilities, Weirdness & Mutations

Your plain brown scales are hard. (AC +6)
You cannot fit into any form of body armour.
You are cold-blooded and may be slowed by cold attacks.
You have a pair of horns on your head.
You have razor-sharp toenails.


Message History

Crazy Yiuf is severely wounded.
You feel sick.
You barely miss Crazy Yiuf. You claw Crazy Yiuf.
Your headbutt misses Crazy Yiuf.
You tail-slap Crazy Yiuf, but do no damage.
Crazy Yiuf is almost dead.
You feel sick. Crazy Yiuf closely misses you.
You hit Crazy Yiuf.
Crazy Yiuf is almost dead.
You completely miss Crazy Yiuf.
Crazy Yiuf is almost dead.
Crazy Yiuf hits you with a +3 quarterstaff of chaos!
You are electrocuted!!
* * * LOW HITPOINT WARNING * * *
You hit Crazy Yiuf but do no damage. Your kick misses Crazy Yiuf.
Crazy Yiuf is almost dead.
* * * LOW HITPOINT WARNING * * *
You feel sick.
Crazy Yiuf hits you with a +3 quarterstaff of chaos!
You die...

#.# #....# #..#.#......
#.# #....# #..#.#.###..
#.# ♣....♣ #......# #..
#.## ♣...♣♣
#..#.#####.. ####..#
♣♣.♣♣ #...........
#.....# ♣.♣♣
#..#..####.# ####.##
♣♣.♣ #..#........ #..#
♣.♣♣ #....>...... ####
♣♣@♣ #[.......... #g#
#.....###### ...
#.....# #...# #.....#
#..)# #.....######
##### ####'##.....
#.##.....
###############'##.....
#.......#..............


You could see Crazy Yiuf.

Vanquished Creatures
  Sigmund (D:2)
  Jessica (D:2)
  5 adders (D:2)
  An ooze (D:1)
  3 worms (D:2)
  2 dart slugs
  2 leopard geckos (D:1)
  2 giant cockroaches (D:1)
  4 goblins
  6 hobgoblins
  A ball python (D:1)
  4 bats
  2 frilled lizards (D:1)
  4 kobolds
  6 rats
44 creatures vanquished.

Notes
Turn   | Place    | Note
-------+----------+-------------------------------------------
     0 | D:1      | PentaManta the Draconian Transmuter began the quest for the
                  | Orb.
     0 | D:1      | Reached XP level 1. HP: 16/16 MP: 3/3
   231 | D:1      | Reached XP level 2. HP: 15/23 MP: 3/5
   743 | D:1      | Reached XP level 3. HP: 28/28 MP: 4/6
  1248 | D:2      | Learned a level 2 spell: Wereblood
  1252 | D:2      | Learned a level 3 spell: Spider Form
  1540 | D:2      | Reached XP level 4. HP: 25/35 MP: 7/7
  1676 | D:2      | Noticed Jessica
  1686 | D:2      | Killed Jessica
  1770 | D:2      | Found a runed translucent door.
  1771 | D:2      | Noticed Crazy Yiuf
  1888 | D:2      | Found a faded altar of an unknown god.
  2350 | D:2      | Noticed Sigmund
  2360 | D:2      | Killed Sigmund
  2361 | D:2      | Reached XP level 5. HP: 27/40 MP: 8/8
  2361 | D:2      | Reached XP level 6. HP: 32/47 MP: 9/9
  2683 | D:2      | Slain by Crazy Yiuf

Illustrated notes

Levels and vault maps discovered:
D:1:      ncdulo_halloftheorcs, layout_basic, hex_large
D:2:      layout_basic, chequers_ecumenical_altar_simple_redux, uniq_sigmund,
          uniq_jessica, uniq_crazy_yiuf_cottage

Skill      XL: |  1  2  3  4 |
---------------+-------------+-----
Dodging        | 2 3 |  3.2
Unarmed Combat | 4 |  4.7
Transmutations | 4 |  4.2
Fighting       | |  1.1
Spellcasting   | |  2.0

Action                   |  1- 3 |  4- 6 || total
-------------------------+-------+-------++-------
Melee: Unarmed           |    95 |    48 ||   143
       Kick              |    15 |     9 ||    24
       Headbutt          |    14 |     3 ||    17
       Tailslap          |     8 |     6 ||    14
       Punch             |       |     2 ||     2
 Cast: Beastly Appendage |    24 |     7 ||    31
       Wereblood         |       |     3 ||     3
 Stab: Sleeping          |       |     1 ||     1
Armor: Skin              |    36 |     7 ||    43
Dodge: Dodged            |    83 |    18 ||   101
